 Dungeon Crawl Stone Soup version 0.17.1-1-g73c8601 (webtiles) character file.

154 PossumBlood the Slasher (level 5, -2/45 HPs)
             Began as a Minotaur Fighter on Dec 19, 2015.
             Slain by Dickchan's ghost (7 damage)
             ... on level 4 of the Dungeon.
             The game lasted 00:07:54 (3007 turns).

PossumBlood the Slasher (Minotaur Fighter)          Turns: 3007, Time: 00:07:54

Health: -2/45      AC: 11    Str: 27    XL:     5   Next: 13%
Magic:  4/4        EV:  5    Int:  5    God:
Gold:   198        SH: 11    Dex:  9    Spells: 0 memorised, 4 levels left

rFire  . . .     SeeInvis .     a - +0 long sword
rCold  . . .     Clarity  .     r - +0 plate armour
rNeg   . . .     SustAt   .     c - +1 shield
rPois  .         Gourm    .     e - +0 hat
rElec  .         Spirit   .     (no cloak)
rCorr  .         Warding  .     (no gloves)
rMut   .         Stasis   .     (no boots)
MR     .....                    (no amulet)
Stlth  ..........               (no ring)
                                (no ring)

@: mighty, not resistant to hostile enchantments, extremely unstealthy
A: retaliatory headbutt, horns 2
a: no special abilities


You were on level 4 of the Dungeon.
You were not hungry.

You visited 1 branch of the dungeon, and saw 4 of its levels.

You collected 198 gold pieces.

Inventory:

Hand Weapons
 a - a +0 long sword (weapon)
Missiles
 o - 6 tomahawks (quivered)
Armour
 c - a +1 shield (worn)
 e - a +0 hat (worn)
 r - a +0 plate armour (worn)
Jewellery
 g - an uncursed amulet of the gourmand {unknown}
Scrolls
 f - 2 scrolls of teleportation
 k - 2 scrolls of remove curse
 t - 3 scrolls of recharging
Potions
 m - a potion of resistance {unknown}
 n - a potion of invisibility {unknown}
 p - a potion of haste {unknown}
 q - 2 potions of flight {unknown}
 s - a potion of heal wounds {unknown}
 u - a potion of cancellation {unknown}
Comestibles
 h - 2 fruits
 i - 4 meat rations
 j - 2 slices of pizza
 l - 4 beef jerkies
 v - a bread ration


   Skills:
 - Level 3.6 Fighting
 * Level 6.5 Long Blades
 - Level 3.6 Armour
 - Level 3.6 Shields


You had 4 spell levels left.
You didn't know any spells.

Dungeon Overview and Level Annotations

Branches:
Dungeon (4/15)
 Temple: D:4-7

Altars:
Ashenzari
Cheibriados
Dithmenos
Gozag
Sif Muna
The Shining One

Annotations:
D:4 Dickchan's ghost, novice KoHu


Innate Abilities, Weirdness & Mutations

You reflexively headbutt those who attack you in melee.
You have a pair of horns on your head.


Message History

You block the giant frog skeleton's attack.
You block Dickchan's ghost's attack.
The giant frog skeleton hits you but does no damage.
Your plate armour prevents you from hitting Dickchan's ghost.
Your headbutt misses Dickchan's ghost.
Dickchan's ghost is lightly damaged.
You block the giant frog skeleton's attack.
Dickchan's ghost hits you.
* * * LOW HITPOINT WARNING * * *
You closely miss Dickchan's ghost. Your headbutt misses Dickchan's ghost.
Dickchan's ghost is lightly damaged.
The giant frog skeleton hits you but does no damage.
You block Dickchan's ghost's attack. The giant frog skeleton hits you.
* * * LOW HITPOINT WARNING * * *
You closely miss Dickchan's ghost.
Dickchan's ghost is lightly damaged.
You block Dickchan's ghost's attack.
The giant frog skeleton hits you but does no damage.
Dickchan's ghost hits you!
You die...

## .## ... ..#
##.## #.# ..... #..
......#.#
......#.## #.#
.._...Z)W# #.# #@.#
#.# #..# #.# #..#
#.#
.####..###########
#.#
.........[........#
#.#
#################.#
#.# ..........###.#
##########...(.
........<###


You could see Dickchan's ghost and a giant frog skeleton.

Vanquished Creatures
  Ijyb (D:2)
  5 adders
  A worm (D:3)
  3 giant geckos (D:2)
  3 orcs
  A ball python (D:4)
  4 giant cockroaches
  7 hobgoblins
  9 jackals (D:2)
  7 kobolds
  A quokka (D:3)
  7 bats
  2 giant newts (D:2)
  15 goblins
  3 rats
69 creatures vanquished.

Notes
Turn   | Place    | Note
--------------------------------------------------------------
     0 | D:1      | PossumBlood the Minotaur Fighter began the quest for the Orb.
     0 | D:1      | Reached XP level 1. HP: 19/19 MP: 0/0
   281 | D:1      | Reached XP level 2. HP: 26/26 MP: 1/1
   468 | D:1      | Found a snail-covered altar of Cheibriados.
   862 | D:2      | Found a glowing golden altar of the Shining One.
   867 | D:2      | Found a deep blue altar of Sif Muna.
   873 | D:2      | Reached skill level 4 in Long Blades
   982 | D:2      | Reached XP level 3. HP: 16/31 MP: 2/2
  1386 | D:2      | Reached skill level 5 in Long Blades
  1527 | D:2      | Noticed Ijyb
  1548 | D:2      | Killed Ijyb
  1548 | D:2      | Reached XP level 4. HP: 22/39 MP: 3/3
  1851 | D:2      | Found a shattered altar of Ashenzari.
  1857 | D:2      | Reached skill level 6 in Long Blades
  2409 | D:3      | Found a shadowy altar of Dithmenos.
  2438 | D:3      | Reached XP level 5. HP: 45/45 MP: 4/4
  2985 | D:4      | Found an opulent altar of Gozag.
  2987 | D:4      | Noticed Dickchan's ghost (novice KoHu)
  3007 | D:4      | Slain by Dickchan's ghost

Action                   |  1- 3 |  4- 6 || total
-------------------------+-------+-------++-------
Melee: Long sword        |   121 |    69 ||   190
  Use: Scroll            |     5 |     1 ||     6
       Potion            |       |     1 ||     1
  Eat: Bread ration      |     1 |     1 ||     2
